 Dungeon Crawl Stone Soup version 0.17-a0-1987-gaf5a542 (webtiles) character file.

56 Goblin1989 the Ruffian (level 3, 0/23 HPs)
             Began as a Gargoyle Monk on Oct 6, 2015.
             Was a Believer of Okawaru.
             Slain by a hobgoblin
             ... wielding a +0 club
              (6 damage)
             ... on level 2 of the Dungeon.
             The game lasted 00:03:26 (1076 turns).

Goblin1989 the Ruffian (Gargoyle Monk)              Turns: 1076, Time: 00:03:26

Health: 0/23       AC:  5    Str: 14    XL:     3   Next: 97%
Magic:  3/3        EV: 12    Int: 11    God:    Okawaru [**....]
Gold:   72         SH:  0    Dex: 12    Spells: 0 memorised, 2 levels left

rFire  . . .     SeeInvis .       - Unarmed
rCold  . . .     Clarity  .     a - +0 robe
rNeg   + . .     SustAt   .     (no shield)
rPois  ∞         Gourm    .     (no helmet)
rElec  +         Spirit   .     (no cloak)
rCorr  .         Warding  .     (no gloves)
rMut   .         Stasis   .     (no boots)
MR     .....                    (no amulet)
Stlth  ++........               (no ring)
                                (no ring)

@: not resistant to hostile enchantments, unstealthy
A: negative energy resistance 1, electricity resistance, unbreathing,
petrification resistance, rot immunity, AC +3
a: Heroism, Renounce Religion


You were on level 2 of the Dungeon.
You worshipped Okawaru.
Okawaru was pleased with you.
You were hungry.

You visited 1 branch of the dungeon, and saw 2 of its levels.

You collected 72 gold pieces.

Inventory:

Armour
 a - a +0 robe (worn)
Scrolls
 c - 2 scrolls of identify {unknown}
 d - a scroll of teleportation {unknown}
 g - 2 scrolls of remove curse {unknown}
Potions
 e - a potion of cure mutation {unknown}
 f - a potion of mutation {unknown}
 h - a potion of agility {unknown}
 j - a potion of curing {unknown}
Comestibles
 b - a bread ration
 i - a royal jelly


   Skills:
 - Level 3.2 Fighting
 - Level 2.4 Dodging
 - Level 2.1 Stealth
 * Level 5.3 Unarmed Combat
 + Level 0.7 Invocations


You had 2 spell levels left.
You didn't know any spells.

Dungeon Overview and Level Annotations

Branches:
Dungeon (2/15)

Altars:
Okawaru


Innate Abilities, Weirdness & Mutations

You are resistant to torment.
Your stone body is resilient (AC +3).
You are immune to poison.
You resist negative energy.
You are resistant to electric shocks.
You can survive without breathing.
You are immune to petrification.
You are immune to rotting.


Message History

You are too injured to fight recklessly!
You are too injured to fight recklessly!
You are too injured to fight recklessly!
You are too injured to fight recklessly!
You are too injured to fight recklessly!
You are too injured to fight recklessly!
You are too injured to fight recklessly!
You are too injured to fight recklessly!
You are too injured to fight recklessly!
You are too injured to fight recklessly!
You are too injured to fight recklessly!
You are too injured to fight recklessly!
You are too injured to fight recklessly!
You are too injured to fight recklessly!
You are too injured to fight recklessly!
You are too injured to fight recklessly!
You are too injured to fight recklessly!
You are too injured to fight recklessly!
The hobgoblin hits you with a club.
You die...

#.... ..###.####.. #....
........... #....
..........# ...... ##...
..........# ........ #...
..........#........# #...
..?..%....#........# #...
##.....g..###......###...
......hr@................
..#######..........)....#
#...................#
.....................#
.......†.............#
.....................#
.....................#
##...................#
#...................#


You could see a quokka, a jackal and a hobgoblin.

Vanquished Creatures
  2 adders (D:2)
  An ooze (D:1)
  A giant gecko (D:2)
  A ball python (D:1)
  4 bats
  3 giant cockroaches (D:1)
  2 goblins (D:1)
  2 hobgoblins
  10 jackals
  A quokka (D:2)
  A kobold (D:1)
  6 rats
34 creatures vanquished.

Notes
Turn   | Place    | Note
--------------------------------------------------------------
     0 | D:1      | Goblin1989 the Gargoyle Monk began the quest for the Orb.
     0 | D:1      | Reached XP level 1. HP: 14/14 MP: 1/1
   138 | D:1      | Reached XP level 2. HP: 19/19 MP: 2/2
   429 | D:1      | Reached XP level 3. HP: 14/23 MP: 3/3
   768 | D:1      | Reached skill level 5 in Unarmed Combat
   891 | D:2      | Found an iron altar of Okawaru.
   899 | D:2      | Became a worshipper of Warmaster Okawaru
   899 | D:2      | Acquired Okawaru's first power
  1076 | D:2      | Slain by a hobgoblin

Vault maps used:
D:1:      minmay_arrival_statue_studded, minmay_misc_feat_tiny
D:2:      kiku_gazebo_garden_becter, first_bread, okawaru_trees_2

Action                   || total
-------------------------++-------
Melee: Unarmed           ||   150
 Stab: Sleeping          ||     1
